 Dungeon Crawl Stone Soup version 0.31-a0-1338-gb567cfdca4 (webtiles) character file.

Game seed: 9877033909345780831

41 grandjackal the Trooper (level 3, -14/37 HPs)
             Began as an Oni Gladiator on Dec 21, 2023.
             Demolished by a gnoll
             ... wielding a +2 heavy flail
              (18 damage)
             ... on level 2 of the Dungeon.
             The game lasted 00:01:02 (1314 turns).

grandjackal the Trooper (Oni Gladiator)             Turns: 1314, Time: 00:01:03

Health: -14/37     AC:  3    Str: 20    XL:     3   Next: 52%
Magic:  3/3        EV: 10    Int:  9    God:
Gold:   69         SH:  0    Dex: 10    Spells: 2/2 levels left

rFire   . . .        h - +1 whip (elec)
rCold   . . .        (no shield)
rNeg    . . .        b - +0 robe
rPois   .            c - +0 hat
rElec   .            (no cloak)
rCorr   .            (gloves unavailable)
SInv    .            (boots unavailable)
Will    .....        (no amulet)
Stlth   +            (no ring)
HPRegen 0.26/turn    (no ring)
MPRegen 0.08/turn

%: no passive effects
@: no status effects
A: drunken brawling, large, unfitting armour, horns 1, tough skin 1, double
potion healing
a: no special abilities


You were on level 2 of the Dungeon.
You visited 1 branch of the dungeon, and saw 2 of its levels.

You collected 69 gold pieces.

Inventory:

Hand Weapons
 a - a +0 flail
 h - a +1 whip of electrocution (weapon)
Missiles
 d - 3 throwing nets (quivered)
 e - a large rock
Armour
 b - a +0 robe (worn)
 c - a +0 hat (worn)
Scrolls
 f - 3 scrolls of identify {unknown}
 g - a scroll of poison {unknown}
 i - a scroll of immolation {unknown}
 j - 2 scrolls of teleportation {unknown}
 k - a scroll of enchant weapon {unknown}
 l - a scroll of amnesia {unknown}
 n - a scroll of brand weapon {unknown}
 p - a scroll of fear {unknown}
Potions
 m - a potion of brilliance {unknown}
 o - a potion of resistance {unknown}


   Skills:
 + Level 3.4 Fighting
 + Level 3.3 Maces & Flails
 + Level 2.5 Throwing
 + Level 3.1 Dodging


You had 2 spell levels left.
You didn't know any spells.
Your spell library contained the following spells:

 Spells                   Type           Power      Damage    Failure   Level
 Freeze                   Ice            0%         1d3       38%         1
 Frozen Ramparts          Ice            0%         1d1       77%         3
 Hailstorm                Conj/Ice       0%         3d5       77%         3
 Mephitic Cloud           Conj/Alch/Air  0%         N/A       77%         3
 Arcjolt                  Conj/Air       0%         1d10      100%        5
 Orb of Destruction       Conj           0%         9d5       100%        7


Dungeon Overview and Level Annotations

Branches:
Dungeon (2/15)

Altars:

Annotations:
D:1 1 transporter


Innate Abilities, Weirdness & Mutations

Whenever you drink a potion that restores your health or magic, you attack all enemies around you.
You are too large for most types of armour.
You have a pair of small horns on your head.
You have tough skin. (AC +1)
Whenever you drink a potion that restores your health or magic, it restores twice as much.


Message History

a +0 dagger; a kobold corpse
p - a scroll labelled TIROWI YNIUNK 2 jackals come into view.
The jackal barks! x2; You hear a shout! x3
The jackal moves out of view.
You hit the jackal. Lightning courses through the jackal!!
You kill the jackal!
A gnoll comes into view. It is wielding a +0 whip.
The gnoll shouts!
The jackal bites you but does no damage.
You closely miss the jackal. The jackal misses you. The jackal bites you.
You barely miss the jackal.
The jackal bites you but does no damage.
You hit the jackal. Lightning courses through the jackal!
You kill the jackal!
A gnoll comes into view. It is wielding a +2 heavy flail.
The gnoll misses you.
A gnoll comes into view. It is wielding a +0 spear.
You closely miss the gnoll.
The gnoll shouts!
The gnoll hits you with a +0 whip.
You hit the gnoll but do no damage. You headbutt the gnoll.
The gnoll is moderately wounded.
The gnoll hits you with a +0 whip!
You barely miss the gnoll.
The gnoll is moderately wounded.
A gnoll comes into view.
It is wielding a +0 halberd and quivering a throwing net.
The gnoll hits you with a +2 heavy flail!
* * * LOW HITPOINT WARNING * * *
You are too injured to fight recklessly!
Unknown command.
The gnoll shouts!
The gnoll hits you with a +0 whip.
* * * LOW HITPOINT WARNING * * *
The gnoll attacks as it pursues you!
The gnoll hits you from afar with a +0 spear.
* * * LOW HITPOINT WARNING * * *
The gnoll attacks as it pursues you!
The gnoll hits you with a +2 heavy flail!!
You die...

............#
............#
.......(...#######
#g................
#.######.###...###
#......#.#####...#
#g................
#gg...............
#@................
#...............†.
#.#####...........
#.# ...........
#.#### ...........
#....# .........
#....# ########
#....#
#....#############


You could see 4 gnolls.

Vanquished Creatures
  2 ball pythons (D:1)
  4 bats
  2 endoplasms
  2 giant cockroaches (D:1)
  4 goblins (D:1)
  2 hobgoblins (D:1)
  6 jackals
  2 quokkas
  A frilled lizard (D:1)
  7 kobolds
  2 rats
34 creatures vanquished.

Notes
Turn   | Place    | Note
-------+----------+-------------------------------------------
     0 | D:1      | grandjackal the Oni Gladiator began the quest for the Orb.
     0 | D:1      | Reached XP level 1. HP: 22/22 MP: 1/1
   124 | D:1      | Reached XP level 2. HP: 22/29 MP: 2/2
   629 | D:1      | Reached XP level 3. HP: 36/37 MP: 3/3
  1219 | D:2      | Got the Octavo of Violence
  1314 | D:2      | Demolished by a gnoll

Illustrated notes

Levels and vault maps discovered:
D:1:      spicycebolla_arrival_transporter_tutorial, layout_loops_ring,
          minmay_box_of_dots
D:2:      layout_basic, amcnicky_mini_corridor_feature

Skill      XL: |  1  2 |
---------------+-------+-----
Fighting       | 3 |  3.4
Dodging        | 3 |  3.1
Maces & Flails | |  3.3
Throwing       | |  2.5

Action                     || total
---------------------------++-------
  Melee: Flail             ||    27
         Headbutt          ||    12
         Whip              ||    64
         Punch             ||     2
 Armour: Robe              ||    71
  Dodge: Dodged            ||    35

Table legend: (Time is in decaauts)
 A = Elapsed time spent in this place.
 B = Non-inter-level travel time spent in this place.
 C = Inter-level travel time spent in this place.
 D = Time resting spent in this place.
 E = Time spent auto-exploring this place.
 F = Levels seen in this place.
 G = Mean time per level.
                   A        B        C        D        E       F      G
               +--------+--------+--------+--------+--------+-----+--------+
         Total |   1315 |   1280 |     35 |      0 |   1077 |   2 |  657.5 |
       Dungeon |   1315 |   1280 |     35 |      0 |   1077 |   2 |  657.5 |
               +--------+--------+--------+--------+--------+-----+--------+

Top non-repeatable levels by time:
     D:1: 990 daAuts
     D:2: 325 daAuts
